 Dungeon Crawl Stone Soup version 0.26-a0-579-g3afe4966bf (webtiles) character file.

Game seed: 7342639864558976836

(classic levelgen) 5446 EnegeticOcto the Cleaver (level 10, -6/81 HPs)
             Began as a Deep Dwarf Fighter on Aug 23, 2020.
             Was a Priest of Cheibriados.
             Mangled by a molten gargoyle
             ... wielding a +0 flail
              (9 damage)
             ... on level 12 of the Dungeon.
             The game lasted 00:11:10 (1712 turns).

EnegeticOcto the Cleaver (Deep Dwarf Fighter)       Turns: 1712, Time: 00:11:11

Health: -6/81      AC:  2    Str: 30    XL:     10   Next: 41%
Magic:  6/6        EV:  5    Int: 18    God:    Cheibriados [***...]
Gold:   355        SH: 11    Dex: 20    Spells: 16/17 levels left

rFire    . . .     SeeInvis .   a - +0 war axe
rCold    + . .     Faith    .   c - +0 kite shield
rNeg     . . .     Spirit   .   k - +0 plate armour
rPois    .         Reflect  .   q - +1 helmet
rElec    .         Harm     .   h - +0 cloak
rCorr    .                      (no gloves)
MR       +....                  (no boots)
Stlth    ..........             (no amulet)
HPRegen  0.00/turn              j - ring of protection from cold
MPRegen  0.10/turn              (no ring)

@: lethally poisoned (-6 -> -6), corroded, non-regenerating, very slow
A: damage resistance, heal wounds, sense surroundings 2, no regeneration
a: Heal Wounds, Bend Time, Temporal Distortion, Renounce Religion


You were on level 12 of the Dungeon.
You worshipped Cheibriados.
Cheibriados was most pleased with you.
You visited 1 branch of the dungeon, and saw 12 of its levels.

You collected 355 gold pieces.

Inventory:

Hand Weapons
 a - a +0 war axe (weapon)
 p - a +4 flail of freezing
Armour
 b - a +0 scale mail
 c - a +0 kite shield (worn)
 h - a +0 cloak (worn)
 k - a +0 plate armour (worn)
 q - a +1 helmet (worn)
Jewellery
 j - a ring of protection from cold (left hand)
Wands
 s - a wand of flame (10) {@v4}
Scrolls
 e - 2 scrolls of blinking {unknown}
 i - 2 scrolls of remove curse {@r2}
 m - a scroll of teleportation {@r3 !r}
Potions
 d - a potion of might {@q3 !q}
 f - a potion of haste {unknown}
 g - 2 potions of stabbing {@q5 !q}
 l - 3 potions of flight
 n - 2 potions of curing {@q1 !q}
 o - a potion of ambrosia
 r - a potion of brilliance {unknown}
 t - a potion of degeneration {unknown}


   Skills:
 - Level 2.6 Fighting
 * Level 12.6 Axes
 - Level 3.2 Armour
 - Level 3.2 Shields
 + Level 4.0 Spellcasting
 - Level 4.0 Translocations
 + Level 10.3 Invocations


You had 16 spell levels left.
You knew the following spells:

 Your Spells              Type           Power        Failure   Level
a - Apportation           Tloc           ###...       80%         1

Your spell library contained the following spells:

 Spells                   Type           Power        Failure   Level
 Animate Skeleton         Necr           #.....       100%        1
 Corona                   Hex            #......      100%        1
 Summon Small Mammal      Summ           #...         100%        1


Dungeon Overview and Level Annotations

Branches:
Dungeon (12/15)              Lair (0/6) D:11
 Temple: D:4-7          Orc: D:9-12

Altars:
Cheibriados
Nemelex Xobeh
Ru


Innate Abilities, Weirdness & Mutations

You are resistant to damage.
You can heal yourself by infusing magical energy.
You passively map the area around you.
You do not regenerate.


Message History

Found a bubbling red potion.
You see here a chain mail.
Found an escape hatch in the floor.
t - a bubbling red potion
Found a stone staircase leading up.
Found a stone staircase leading down.
There is a stone staircase leading up here.
You climb upwards.
There is a stone staircase leading down here.
You climb downwards.
There is a stone staircase leading up here.
A worker ant zombie comes into view.
There is a stone staircase leading down here.
You climb downwards.
Found a stone staircase leading down.
There is a stone staircase leading up here.
You feel much better.
You open the door.
Found a hand axe.
There is an open door here.
You see here a hand axe.
You open the door.
A bullfrog and a worker ant come into view.
The bullfrog gives a loud, deep croak!
The worker ant twitches its antennae in your direction.
An acid dragon comes into view.
You block the bullfrog's attack.
There is an open door here.
The acid dragon roars!
The bullfrog hits you. The acid dragon spits acid at you.
The splash of acid hits you.
You are splashed with acid!
You block the bullfrog's attack. You block the worker ant's attack.
You barely miss the bullfrog.
You hit the worker ant but do no damage.
The bullfrog completely misses you. You block the worker ant's attack.
The acid dragon spits acid at you. The splash of acid hits you.
The acid corrodes you!
You are splashed with acid!
The bullfrog hits you but does no damage.
The worker ant bites you but does no damage.
You block the bullfrog's attack. The acid dragon spits acid at you.
The splash of acid hits you! The acid corrodes you!
You are splashed with acid!
* * * LOW HITPOINT WARNING * * *
You feel much better. You block the bullfrog's attack.
The worker ant bites you.
You are poisoned.
The worker ant poisons you!
A molten gargoyle comes into view. It is wielding a +0 flail.
You block the bullfrog's attack.
The worker ant bites you but does no damage.
The acid dragon bites you.
The acid dragon claws you but does no damage.
The bullfrog hits you but does no damage.
You fail to use your ability.
You block the worker ant's attack. The acid dragon spits acid at you.
The splash of acid hits you! The acid corrodes you!
You are splashed with acid!!
* * * LOW HITPOINT WARNING * * *
The bullfrog hits you. The worker ant bites you!
* * * LOW HITPOINT WARNING * * *
You are more poisoned.
The worker ant poisons you!
You feel much better. The bullfrog hits you!
The acid dragon barely misses you. x2
You block the worker ant's attack. You block the bullfrog's attack.
You feel much better. The acid dragon bites you!
You block the acid dragon's attack. The bullfrog hits you!
The worker ant bites you but does no damage.
You feel much better. You block the bullfrog's attack.
The acid dragon bites you! The acid dragon claws you.
The molten gargoyle blasts magma at you!
The bolt of magma hits you!! You block the worker ant's attack.
The bullfrog hits you.
Okay, then.
You feel much better. The acid dragon bites you! The acid dragon claws you.
The worker ant bites you. You block the bullfrog's attack.
You hit the acid dragon but do no damage.
You hit the bullfrog. You slash the worker ant!
You block the bullfrog's attack. The worker ant bites you.
You are more poisoned.
The worker ant poisons you! The acid dragon bites you!
You block the acid dragon's attack.
The bullfrog hits you but does no damage.
The worker ant barely misses you.
You slash the acid dragon!
The acid dragon is moderately wounded.
You closely miss the worker ant.
Your shield and plate armour prevent you from hitting the bullfrog.
You hit the molten gargoyle but do no damage.
The acid dragon bites you. The acid dragon claws you. The bullfrog hits you.
The molten gargoyle barely misses you. The worker ant bites you.
You fail to use your ability.
You block the bullfrog's attack. The acid dragon bites you.
* * * LOW HITPOINT WARNING * * *
You block the acid dragon's attack.
The molten gargoyle hits you with a +0 flail!!
* * * LOW HITPOINT WARNING * * *
You are engulfed in flames!
You die...

,
#...........#.#
, *
#...........#.#
, *
#.###########.#
, , #.# , #.# ,
##########'### *
, .............#
, ........a....#
,
,.......@F....#
* ......D9.....#
,
,.≈≈≈.........#
, ,
,..≈≈.........#
.§§§§§.......#
..≈§≈§.......# ,
, .§≈§§§.......#
,
*,.............#
, , , , , , *


You could see a molten gargoyle, an acid dragon, a bullfrog and a worker ant.

Vanquished Creatures
  An ugly thing (D:11)
  Joseph (D:9)
  A troll (D:8)
  A hornet (D:11)
  Grum (D:9)
  A wyvern (D:8)
  2 orc warriors
  3 porcupines (D:11)
  An ice beast (D:9)
  3 black bears
  A phantom (D:8)
  3 sky beasts (D:6)
  4 ogres
  3 necrophages (D:8)
  8 wolves
  A centaur (D:9)
  2 crocodiles (D:11)
  3 bullfrogs (D:8)
  A scorpion (D:10)
  9 wights
  2 howler monkeys
  2 lava snakes (D:9)
  A bullfrog zombie (D:5)
  A quasit (D:11)
  A jelly (D:6)
  4 orc priests
  Crazy Yiuf (D:2)
  5 iguanas
  2 orc wizards
  4 worker ants
  2 killer bee zombies
  A hound skeleton (D:11)
  5 adders
  A shadow imp (D:8)
  A white imp (D:10)
  An ufetubus (D:9)
  A worm (D:3)
  A dart slug (D:1)
  2 leopard geckos
  5 orcs
  2 bats (D:1)
  A giant cockroach (D:6)
  2 goblins (D:1)
  3 hobgoblins
  3 jackals (D:6)
  A kobold (D:1)
  A ball python (D:3)
  3 frilled lizards
  A leopard gecko zombie (D:6)
110 creatures vanquished.

Vanquished Creatures (others)
  2 fungi (D:11)
  4 plants (D:11)
  3 withered plants (D:8)
9 creatures vanquished.

Grand Total: 119 creatures vanquished

Notes
Turn   | Place    | Note
-------+----------+-------------------------------------------
     0 | D:1      | EnegeticOcto the Deep Dwarf Fighter began the quest for the
                  | Orb.
     0 | D:1      | Reached XP level 1. HP: 20/20 MP: 1/1
    45 | D:1      | Reached skill level 3 in Axes
    45 | D:1      | Reached XP level 2. HP: 25/27 MP: 2/2
   122 | D:2      | Found a runed translucent door.
   123 | D:2      | Noticed Crazy Yiuf
   130 | D:2      | Killed Crazy Yiuf
   130 | D:2      | Reached skill level 4 in Axes
   130 | D:2      | Reached XP level 3. HP: 31/33 MP: 3/3
   166 | D:2      | Found a snail-covered altar of Cheibriados.
   174 | D:2      | Became a worshipper of Cheibriados the Contemplative
   182 | D:2      | Found a faded altar of an unknown god.
   266 | D:4      | Your magical essence is drained by the effort!
   276 | D:4      | Reached skill level 1 in Invocations
   276 | D:4      | Reached XP level 4. HP: 23/40 MP: 2/4
   317 | D:4      | Reached skill level 5 in Axes
   317 | D:4      | Reached skill level 2 in Invocations
   331 | D:5      | Entered Level 5 of the Dungeon
   337 | D:5      | Reached XP level 5. HP: 25/46 MP: 5/5
   344 | D:5      | Reached skill level 3 in Invocations
   367 | D:5      | Your magical essence is drained by the effort!
   372 | D:5      | Reached skill level 6 in Axes
   436 | D:5      | Learned a level 1 spell: Apportation
   456 | D:5      | Found a sparkling altar of Nemelex Xobeh.
   469 | D:5      | Reached XP level 6. HP: 55/55 MP: 6/6
   525 | D:6      | Reached * piety under Cheibriados
   535 | D:6      | Noticed a sky beast
   548 | D:6      | Killed a sky beast
   548 | D:6      | Reached skill level 1 in Translocations
   571 | D:6      | Reached skill level 1 in Spellcasting
   571 | D:6      | Reached skill level 4 in Invocations
   622 | D:6      | Noticed a sky beast
   632 | D:6      | Killed a sky beast
   632 | D:6      | Reached XP level 7. HP: 55/61 MP: 8/8
   659 | D:6      | Reached skill level 7 in Axes
   670 | D:6      | Reached skill level 2 in Translocations
   697 | D:7      | Found a sacrificial altar of Ru.
   763 | D:8      | Reached skill level 5 in Invocations
   764 | D:8      | Reached skill level 2 in Spellcasting
   793 | D:8      | Reached skill level 3 in Translocations
   793 | D:8      | Reached XP level 8. HP: 56/67 MP: 8/10
   803 | D:8      | Reached skill level 8 in Axes
   861 | D:9      | Noticed a troll
   867 | D:8      | Reached ** piety under Cheibriados
   867 | D:8      | Reached skill level 6 in Invocations
   868 | D:8      | Your magical essence is drained by the effort!
   871 | D:8      | Your magical essence is drained by the effort!
   879 | D:8      | Your magical essence is drained by the effort!
   888 | D:8      | Your magical essence is drained by the effort!
   890 | D:8      | Killed a troll
   890 | D:8      | Reached skill level 3 in Spellcasting
   890 | D:8      | Reached skill level 4 in Translocations
   901 | D:8      | Reached skill level 9 in Axes
   904 | D:8      | Your magical essence is drained by the effort!
   940 | D:9      | Noticed Joseph
   948 | D:9      | Your magical essence is drained by the effort!
   967 | D:9      | Killed Joseph
   967 | D:9      | Reached skill level 7 in Invocations
   967 | D:9      | Gained mutation: You passively map the area around you.
                  | [Deep Dwarf growth]
   967 | D:9      | Reached XP level 9. HP: 63/74 MP: 3/6
  1048 | D:8      | Reached skill level 10 in Axes
  1048 | D:8      | Reached skill level 4 in Spellcasting
  1089 | D:8      | Reached skill level 8 in Invocations
  1131 | D:9      | Noticed Grum
  1141 | D:9      | Your magical essence is drained by the effort!
  1172 | D:9      | Killed Grum
  1192 | D:9      | Reached skill level 11 in Axes
  1234 | D:9      | Your magical essence is drained by the effort!
  1281 | D:9      | Reached skill level 9 in Invocations
  1291 | D:10     | Entered Level 10 of the Dungeon
  1419 | D:10     | Reached *** piety under Cheibriados
  1430 | D:11     | Noticed a green ugly thing
  1450 | D:11     | Your magical essence is drained by the effort!
  1459 | D:11     | Killed a green ugly thing
  1459 | D:11     | Reached XP level 10. HP: 66/81 MP: 2/6
  1494 | D:11     | Reached skill level 12 in Axes
  1528 | D:11     | Reached skill level 10 in Invocations
  1565 | D:11     | Found a staircase to the Lair.
  1704 | D:12     | Noticed a molten gargoyle
  1712 | D:12     | HP: 3/81 [molten gargoyle/+0 flail (19)]
  1712 | D:12     | Mangled by a molten gargoyle

Illustrated notes

Levels and vault maps discovered:
D:1:      eino_arrival_cavern_b, layout_loops_ring, serial_park_tiny_pond,
          minmay_worlds_worst_comb
D:2:      layout_loops_ring, nicolae_tso_swordbearing_angel, lemuel_round_altar,
          chequers_ecumenical_altar_simple_redux, uniq_crazy_yiuf_cottage
D:3:      layout_basic, zin_statuary
D:4:      layout_rooms, grunt_dithmenos_smoke, minitemple, serial_shops,
          kennysheep_little_box
D:5:      layout_basic, nicolae_overflow_crystal_walls
D:6:      layout_gridville, serial_shops, shop_statue, uniq_duvessa
D:7:      layout_basic, old_standard_altar, minmay_temple_entry_tees,
          sword_in_stone
D:8:      layout_basic, marbit_many_paths, serial_undead, serial_undead_b,
          serial_undead_e, serial_undead_a, serial_undead_e, serial_undead_b,
          serial_undead_a, serial_undead_d, serial_undead_d, cheibriados_altar_1
D:9:      layout_roguey, skrybe_limestone_x, kennysheep_crisscross, uniq_grum,
          uniq_joseph
D:10:     layout_basic, basic_altar
D:11:     layout_loops_ring, minmay_lair_entry_grove, erik_orc_3
D:12:     layout_basic, okawaru_humans

Skill      XL: |  1  2  3  4  5  6  7  8  9 10 |
---------------+-------------------------------+-----
Axes           | 3 4 5 6 7 9 11 12 | 12.6
Invocations    | 1 2 3 4 5 7 9 10 | 10.3
Translocations | 1 3 4 |  4.0
Spellcasting   | 1 2 3 4 |  4.0
Fighting       | |  2.6
Armour         | |  3.2
Shields        | |  3.2

Action                   |  1- 3 |  4- 6 |  7- 9 | 10-12 || total
-------------------------+-------+-------+-------+-------++-------
Melee: War axe           |    50 |   115 |   295 |   116 ||   576
 Cast: Apportation       |       |       |     8 |     1 ||     9
Invok: Bend Time         |       |       |     4 |     1 ||     5
 Abil: Heal Wounds       |     1 |     6 |    30 |    12 ||    49
  Use: Scroll            |       |       |     9 |       ||     9
Armor: Scale mail        |    36 |    68 |   105 |       ||   209
       Plate armour      |       |       |    18 |    92 ||   110
Dodge: Dodged            |    23 |    35 |    94 |    38 ||   190
Block: Kite shield       |    32 |    52 |   191 |   101 ||   376

Table legend: (Time is in decaauts)
 A = Elapsed time spent in this place.
 B = Non-inter-level travel time spent in this place.
 C = Inter-level travel time spent in this place.
 D = Time resting spent in this place.
 E = Time spent auto-exploring this place.
 F = Levels seen in this place.
 G = Mean time per level.
                   A        B        C        D        E       F      G
               +--------+--------+--------+--------+--------+-----+--------+
         Total |   2160 |   2138 |     22 |      0 |      0 |  12 |  180.0 |
       Dungeon |   2160 |   2138 |     22 |      0 |      0 |  12 |  180.0 |
               +--------+--------+--------+--------+--------+-----+--------+

Top non-repeatable levels by time:
     D:9: 381 daAuts
     D:8: 351 daAuts
    D:11: 311 daAuts
     D:6: 254 daAuts
     D:5: 235 daAuts
    D:10: 155 daAuts
     D:1: 122 daAuts
     D:3: 91 daAuts
     D:4: 86 daAuts
     D:2: 85 daAuts
    D:12: 44 daAuts
     D:7: 39 daAuts
